 Dungeon Crawl Stone Soup version 0.20.1-1-g8b1a95d (webtiles) character file.

2639 vomix the Cleaver (level 9, 0/70 HPs)
             Began as a Minotaur Berserker on Aug 10, 2017.
             Was an Elder of Trog.
             Slain by an orc warrior
             ... wielding a +0 hand axe
              (14 damage)
             ... on level 7 of the Dungeon.
             The game lasted 00:12:46 (5745 turns).

vomix the Cleaver (Minotaur Berserker)              Turns: 5745, Time: 00:12:47

Health: 0/70       AC: 13    Str: 22    XL:     9   Next: 35%
Magic:  8/8        EV:  6    Int:  4    God:    Trog [****..]
Gold:   336        SH:  3    Dex: 13    Spells: 8/8 levels left

rFire    . . .     SeeInvis .   G - +0 war axe
rCold    . . .     Gourm    .   p - +0 buckler
rNeg     . . .     Faith    .   k - +0 plate armour
rPois    +         Spirit   .   u - +2 hat
rElec    .         Reflect  .   (no cloak)
rCorr    +         Harm     .   (no gloves)
MR       .....                  (no boots)
Stlth    ..........             (no amulet)
Regen    0.3/turn               q - ring of poison resistance
MPRegen  0.2/turn               s - ring of resist corrosion

@: berserk cooldown, slowed, very slow
A: retaliatory headbutt, horns 2
a: Berserk, Trog's Hand, Brothers in Arms, Burn Spellbooks, Renounce Religion


You were on level 7 of the Dungeon.
You worshipped Trog.
Trog was greatly pleased with you.
You were not hungry.

You visited 2 branches of the dungeon, and saw 8 of its levels.
You also visited: Ossuary.

You collected 336 gold pieces.

Inventory:

Hand Weapons
 G - a +0 war axe (weapon)
Missiles
 g - 4 needles of sleeping
Armour
 k - a +0 plate armour (worn)
 p - a +0 buckler (worn)
 u - a +2 hat (worn)
 K - a +0 pair of gloves
Jewellery
 q - a ring of poison resistance (left hand)
 s - a ring of resist corrosion (right hand)
 J - an uncursed ring of magical power
Wands
 o - a wand of digging (7/24)
 v - a wand of lightning (8/15)
 E - a wand of paralysis (5/24)
 I - a wand of flame (7/48)
 L - a wand of confusion (10/48)
Scrolls
 a - a scroll of fog {unknown}
 b - 4 scrolls of remove curse
 e - a scroll of blinking {unknown}
 i - 2 scrolls of enchant weapon
 l - 2 scrolls of fear
 n - 2 scrolls of teleportation {unknown}
 y - a scroll of immolation
 F - 2 scrolls of amnesia {unknown}
 H - a scroll of enchant armour {unknown}
 M - a scroll of magic mapping {unknown}
Potions
 d - 2 potions of heal wounds {unknown}
 h - a potion of might {unknown}
 j - 4 potions of flight
 m - 3 potions of berserk rage
 t - a potion of ambrosia {unknown}
 w - 2 potions of resistance {unknown}
 x - a potion of brilliance {unknown}
 A - 2 potions of mutation {unknown}
 B - 3 potions of haste {unknown}
 C - a potion of cancellation {unknown}
 D - a potion of agility {unknown}
Comestibles
 c - 4 bread rations
 f - 3 meat rations
 r - 4 royal jellies
 z - 4 fruits
 N - 3 chunks of flesh


   Skills:
 - Level 3.6 Fighting
 + Level 14.8 Axes
 - Level 2.4 Armour
 - Level 2.1 Dodging


You had 8 spell levels left.
You didn't know any spells.

Dungeon Overview and Level Annotations

Branches:
Dungeon (7/15)             Temple (1/1) D:5

Altars:
Ashenzari
Cheibriados
Dithmenos
Elyvilon
Gozag
Kikubaaqudgha
Makhleb
Nemelex Xobeh
Okawaru
Ru
Sif Muna
Trog
Uskayaw
Xom
Zin
The Shining One

Annotations:
D:4 2 transporters
D:6 exclusion: oklob plant


Innate Abilities, Weirdness & Mutations

You reflexively headbutt those who attack you in melee.
You have a pair of horns on your head.


Message History

You hit the ogre.
The ogre hits you with a giant spiked club!
The orc warrior hits you with a hand axe!
* * * LOW HITPOINT WARNING * * *
The orc warrior hits you with a hand axe.
* * * LOW HITPOINT WARNING * * *
It was a potion of berserk rage.
You're still recovering from your berserk rage.
The ogre barely misses you. The orc completely misses you.
The orc warrior hits you but does no damage.
You slash the ogre!
You headbutt the ogre, but do no damage.
The ogre is heavily wounded.
You hit the orc warrior. You hit the orc.
The ogre hits you with a giant spiked club.
* * * LOW HITPOINT WARNING * * *
The orc hits you with a club.
* * * LOW HITPOINT WARNING * * *
The orc warrior hits you with a hand axe!
You die...

#.##.. ###.##.# #...##.#
#.#.##.# #
#.#.##.#####.##..
#...††...........
########).###...........
#.........# ###.....#.#.
###......o@.# #.#####
....(....oO.# #.#
#.........# #..
#.......(.### #..
#................#
#..........####.≈≈
............#.# #≈≈≈
##########.##.# #.# .#


You could see an orc warrior, an ogre and an orc.

Vanquished Creatures
  Edmund (D:6)
  2 black bears (D:6)
  A sky beast (D:5)
  2 ice beasts (D:6)
  2 ogres (D:6)
  2 phantoms
  A centaur (D:5)
  A bullfrog (D:6)
  2 water moccasin zombies (Ossuary)
  4 killer bees (D:7)
  3 crimson imps
  A bullfrog skeleton (D:6)
  2 jellies
  8 orc priests
  A hound (D:7)
  Jessica (D:3)
  Ijyb (D:3)
  An iguana (D:5)
  7 orc wizards
  5 worker ants
  Natasha (thrice) (D:3)
  A killer bee zombie (D:7)
  4 big kobold zombies (Ossuary)
  2 hound skeletons
  2 mummies (Ossuary)
  3 gnolls (D:6)
  4 adders
  2 shadow imps
  An adder skeleton (D:4)
  2 adder zombies (Ossuary)
  3 dart slugs
  2 leopard geckos
  27 orcs
  4 bats
  5 giant cockroaches
  2 gnoll zombies (Ossuary)
  7 goblins
  5 hobgoblins
  12 jackals
  7 kobolds
  2 quokkas
  3 frilled lizards
  A hobgoblin zombie (Ossuary)
  6 kobold zombies (Ossuary)
  7 orc zombies (Ossuary)
  A quokka skeleton (D:5)
  9 rats
175 creatures vanquished.

Notes
Turn   | Place    | Note
-------+----------+-------------------------------------------
     0 | D:1      | vomix the Minotaur Berserker began the quest for the Orb.
     0 | D:1      | Reached XP level 1. HP: 19/19 MP: 0/0
   151 | D:1      | Reached skill level 4 in Axes
   196 | D:1      | Reached XP level 2. HP: 25/26 MP: 1/1
   437 | D:1      | Reached skill level 5 in Axes
   505 | D:1      | Reached ** piety under Trog
   667 | D:2      | Reached XP level 3. HP: 31/31 MP: 2/2
   940 | D:2      | Found a white marble altar of Elyvilon.
  1322 | D:3      | Noticed Ijyb
  1332 | D:3      | Killed Ijyb
  1332 | D:3      | Reached skill level 6 in Axes
  1332 | D:3      | Reached XP level 4. HP: 39/39 MP: 3/3
  1359 | D:3      | Noticed Jessica
  1360 | D:3      | Killed Jessica
  1360 | D:3      | Reached skill level 7 in Axes
  1360 | D:3      | Reached XP level 5. HP: 45/45 MP: 4/4
  1393 | D:3      | Found a shimmering altar of Xom.
  1440 | D:3      | Found a faded altar of an unknown god.
  1443 | D:3      | Noticed Natasha
  1455 | D:3      | Killed Natasha
  1534 | D:3      | Noticed Natasha
  1540 | D:3      | Killed Natasha
  1642 | D:3      | Reached skill level 8 in Axes
  1649 | D:3      | Reached *** piety under Trog
  1688 | D:3      | Noticed Natasha
  1701 | D:3      | Killed Natasha
  1701 | D:3      | Reached XP level 6. HP: 36/51 MP: 5/5
  1869 | D:3      | Found a bloodstained altar of Trog.
  2206 | D:4      | Identified the Handbook of Bewitching Good Luck
  2266 | D:4      | Reached skill level 9 in Axes
  2469 | D:4      | Found a transporter.
  2697 | D:4      | Found a transporter.
  2837 | D:4      | Reached XP level 7. HP: 38/57 MP: 6/6
  3205 | D:5      | Entered Level 5 of the Dungeon
  3266 | D:5      | Found a sand-covered staircase.
  3271 | Ossuary  | Entered an ossuary
  3297 | Ossuary  | Reached skill level 10 in Axes
  3317 | Ossuary  | Received a gift from Trog
  3675 | D:5      | Reached skill level 11 in Axes
  3680 | D:5      | Reached **** piety under Trog
  3745 | D:5      | Reached XP level 8. HP: 35/64 MP: 7/7
  3828 | D:5      | Reached skill level 12 in Axes
  4081 | D:5      | Found a shadowy altar of Dithmenos.
  4314 | D:5      | Found a staircase to the Ecumenical Temple.
  4325 | Temple   | Entered the Ecumenical Temple
  4800 | D:6      | Noticed Edmund
  4808 | D:6      | Killed Edmund
  4808 | D:6      | Reached skill level 13 in Axes
  4950 | D:6      | Found a shattered altar of Ashenzari.
  4950 | D:6      | Noticed an oklob plant
  4995 | D:6      | Reached XP level 9. HP: 70/70 MP: 8/8
  5071 | D:6      | Reached skill level 14 in Axes
  5288 | D:6      | Found a deep blue altar of Sif Muna.
  5745 | D:7      | Slain by an orc warrior

Skill      XL: |  1  2  3  4  5  6  7  8  9 |
---------------+----------------------------+-----
Axes           | 4 5 6 7 8 9 11 13 14 | 14.8
Fighting       | |  3.6
Armour         | |  2.4
Dodging        | |  2.1

Action                   |  1- 3 |  4- 6 |  7- 9 || total
-------------------------+-------+-------+-------++-------
Melee: Hand axe          |    86 |   116 |   167 ||   369
       Headbutt          |    10 |    16 |    72 ||    98
       War axe           |       |       |   177 ||   177
Invok: Berserk           |     1 |     2 |     3 ||     6
       Trog's Hand       |     1 |       |       ||     1
       Burn Spellbooks   |       |       |     1 ||     1
  Use: Scroll            |       |       |     6 ||     6
       Potion            |       |       |     1 ||     1
  Eat: Chunk             |     1 |     7 |     6 ||    14
       Meat ration       |       |       |     1 ||     1
       Bread ration      |       |       |     1 ||     1
Armor: Animal skin       |     4 |       |       ||     4
       Ring mail         |     4 |       |       ||     4
       Leather armour    |    18 |    13 |       ||    31
       Plate armour      |       |    23 |   184 ||   207
Dodge: Dodged            |    55 |    43 |    80 ||   178
Block: Buckler           |       |     9 |    35 ||    44
